 Dungeon Crawl Stone Soup version 0.19-a0-1013-g40768a3 (webtiles) character file.

518 Gagarin the Shield-Bearer (level 7, -15/61 HPs)
             Began as a Minotaur Fighter on July 24, 2016.
             Demolished by an ogre
             ... wielding a +0 giant spiked club
              (29 damage)
             ... on level 4 of the Dungeon.
             The game lasted 00:04:09 (2178 turns).

Gagarin the Shield-Bearer (Minotaur Fighter)        Turns: 2178, Time: 00:04:10

Health: -15/61     AC:  9    Str: 22    XL:     7   Next: 1%
Magic:  6/6        EV:  9    Int:  5    God:
Gold:   88         SH: 10    Dex: 10    Spells: 0 memorised, 6 levels left

rFire  . . .     SeeInvis .     t - +2 hand axe (chop)
rCold  . . .     Gourm    .     b - +0 scale mail
rNeg   . . .     Faith    .     c - +0 shield
rPois  .         Spirit   .     (helmet restricted)
rElec  .         Dismiss  .     (no cloak)
rCorr  .         Reflect  .     (no gloves)
SustAt .         Harm     .     p - +1 pair of boots
MR     .....                    (no amulet)
Stlth  ..........               (no ring)
                                (no ring)

@: not resistant to hostile enchantments, extremely unstealthy
A: retaliatory headbutt, horns 2
a: no special abilities


You were on level 4 of the Dungeon.
You were not hungry.

You visited 1 branch of the dungeon, and saw 4 of its levels.

You collected 88 gold pieces.

Inventory:

Hand Weapons
 a - a +0 war axe
 t - a +2 hand axe of chopping (weapon)
Missiles
 B - 3 tomahawks of returning (quivered)
Armour
 b - a +0 scale mail (worn)
 c - a +0 shield (worn)
 p - a +1 pair of boots (worn)
Jewellery
 n - a cursed -3 ring of strength {unknown}
 u - a +2 ring of dexterity {unknown}
Wands
 d - a wand of digging (7/24)
Scrolls
 i - 4 scrolls of remove curse {unknown}
 k - 5 scrolls of identify {unknown}
 l - 3 scrolls of fog {unknown}
 o - a scroll of enchant armour {unknown}
 s - 3 scrolls of blinking {unknown}
 x - a scroll of amnesia {unknown}
 y - a scroll of immolation {unknown}
Potions
 e - a potion of berserk rage {unknown}
 g - a potion of flight {unknown}
 h - 2 potions of curing
 j - 2 potions of brilliance {unknown}
 m - a potion of cure mutation {unknown}
 r - a potion of agility {unknown}
 v - a potion of lignification {unknown}
 w - a potion of mutation {unknown}
Comestibles
 f - 2 bread rations
 q - 2 slices of pizza
 z - a meat ration
 A - 10 chunks of flesh


   Skills:
 + Level 5.0 Fighting
 + Level 4.9 Axes
 + Level 5.3 Armour
 + Level 2.9 Dodging
 + Level 0.1 Stealth
 + Level 5.6 Shields


You had 6 spell levels left.
You didn't know any spells.

Dungeon Overview and Level Annotations

Branches:
Dungeon (4/15)
 Temple: D:4-7

Altars:
Gozag
Pakellas
Sif Muna


Innate Abilities, Weirdness & Mutations

You reflexively headbutt those who attack you in melee.
You have a pair of horns on your head.


Message History

The scorpion is severely wounded.
The giant newt hisses angrily.
You hit the ogre. You block the scorpion's attack.
The ogre hits you with a giant spiked club!
You completely miss the scorpion. You headbutt the scorpion.
You kill the scorpion!
You have reached level 7!
You hit the ogre. You completely miss the ogre.
The ogre is heavily wounded.
The ogre hits you but does no damage.
The giant newt hisses menacingly.
You hit the ogre. Your headbutt misses the ogre.
The ogre is severely wounded.
The ogre hits you with a giant spiked club!!
* * * LOW HITPOINT WARNING * * *
Okay, then.
It was a potion of curing.
You feel better.
The ogre hits you with a giant spiked club!!
You die...

#.##....##......
.........†.......
................#
................# ###
.................##_##
................##...##
..(.......>.....#.....#
........Ol......#.....#
........@########.....#
.........##.....##...##
...##....##.....#.....###
...##....##.....#.....#.#
#............#((...#..
#.....##.....##...##..
#..>..##.....###.##...
#.............'†......
##....##......#.......


You could see an ogre and a giant newt.

Vanquished Creatures
  A scorpion (D:4)
  A howler monkey (D:4)
  A giant frog skeleton (D:4)
  Jessica (D:3)
  Terence (D:3)
  3 orc wizards (D:3)
  Ijyb (D:3)
  2 worker ants (D:4)
  Robin (D:3)
  4 gnolls (D:3)
  4 adders
  An ooze (D:2)
  3 worms
  5 dart slugs
  5 giant geckos
  9 orcs (D:3)
  A ball python (D:1)
  15 goblins
  6 hobgoblins
  4 jackals
  4 kobolds
  3 quokkas
  6 bats
  A giant newt (D:2)
  2 rats (D:1)
85 creatures vanquished.

Vanquished Creatures (others)
  A wyvern (D:3)
1 creature vanquished.

Grand Total: 86 creatures vanquished

Notes
Turn   | Place    | Note
-------+----------+-------------------------------------------
     0 | D:1      | Gagarin the Minotaur Fighter began the quest for the Orb.
     0 | D:1      | Reached XP level 1. HP: 19/19 MP: 0/0
   236 | D:1      | Reached XP level 2. HP: 22/27 MP: 1/1
   749 | D:2      | Reached XP level 3. HP: 31/33 MP: 2/2
   797 | D:2      | Found an opulent altar of Gozag.
  1125 | D:2      | Reached skill level 1 in Dodging
  1225 | D:2      | Reached XP level 4. HP: 35/40 MP: 3/3
  1468 | D:3      | Found an oddly glowing altar of Pakellas.
  1468 | D:3      | Noticed an orange crystal statue
  1469 | D:3      | Noticed a wyvern
  1491 | D:3      | Killed a wyvern
  1592 | D:3      | Noticed Terence
  1596 | D:3      | Noticed Robin
  1612 | D:3      | Killed Terence
  1613 | D:3      | Reached XP level 5. HP: 40/47 MP: 4/4
  1643 | D:3      | Killed Robin
  1644 | D:3      | Noticed Jessica
  1648 | D:3      | Killed Jessica
  1724 | D:3      | Reached skill level 5 in Shields
  1724 | D:3      | Reached XP level 6. HP: 51/55 MP: 5/5
  1784 | D:3      | Noticed Ijyb
  1792 | D:3      | Killed Ijyb
  2108 | D:4      | Reached skill level 5 in Armour
  2124 | D:4      | Found a deep blue altar of Sif Muna.
  2139 | D:4      | Reached skill level 5 in Fighting
  2169 | D:4      | Reached XP level 7. HP: 30/61 MP: 6/6
  2171 | D:4      | HP: 3/61 [ogre/giant spiked club (28)]
  2178 | D:4      | Demolished by an ogre

Vault maps used:
D:1:      dpeg_arrival_renting
D:2:      grunt_gozag_statues
D:3:      gammafunk_pakellas_statue_experiment, uniq_terence, uniq_jessica,
          uniq_robin, uniq_iyjb
D:4:      nicolae_overflow_quartered_altars, kennysheep_mini, marbit_many_paths,
          first_bread, uniq_pikel

Skill      XL: |  1  2  3  4  5  6 |
---------------+-------------------+-----
Armour         | 4 5 |  5.3
Axes           | 3 4 |  4.9
Fighting       | 4 5 |  5.0
Shields        | 4 5 |  5.6
Dodging        | 1 2 |  2.9
Stealth        | |  0.1

Action                   |  1- 3 |  4- 6 |  7- 9 || total
-------------------------+-------+-------+-------++-------
Melee: War axe           |   101 |    76 |       ||   177
       Headbutt          |     9 |    16 |       ||    25
       Hand axe          |       |    17 |     2 ||    19
  Use: Potion            |       |     1 |     1 ||     2
  Eat: Chunk             |     1 |     3 |       ||     4
Armor: Scale mail        |    39 |    37 |     1 ||    77
Dodge: Dodged            |    23 |    30 |       ||    53
Block: Shield            |    49 |    48 |       ||    97
